 Dungeon Crawl Stone Soup version 0.29.0-4-gdea44cf6ec (webtiles) character file.

Game seed: 17313373512323060052

169 qw the Chopper (level 5, 0/32 HPs)
             Began as a Gargoyle Fighter on Sept 9, 2022.
             Slain by a gnoll
             ... wielding a +4 whip
             ... led by a gnoll bouda
              (4 damage)
             ... on level 3 of the Dungeon.
             The game lasted 00:01:04 (2497 turns).

qw the Chopper (Gargoyle Fighter)                   Turns: 2497, Time: 00:01:05

Health: 0/32       AC: 15    Str: 21      XL:     5   Next: 50%
Magic:  5/5        EV:  7    Int:  8 (9)  God:
Gold:   156        SH:  4    Dex:  9      Spells: 4/4 levels left

rFire   . . .      SeeInvis .   Y - +1 war axe
rCold   . . .      Faith    .   c - +0 buckler
rNeg    + + .      Spirit   .   f - +0 chain mail
rPois   inf        Reflect  .   p - +0 helmet
rElec   +          Harm     .   (no cloak)
rCorr   .          Rampage  .   t - +0 pair of gloves
Will    +....                   (no boots)
Stlth   ..........              (no amulet)
HPRegen 0.10/turn               g - ring of positive energy
MPRegen 0.09/turn               r - ring of willpower

@: no status effects
A: sickness immunity, AC +4, negative energy resistance 1, electricity
resistance, torment resistance 1, petrification resistance
a: no special abilities


You were on level 3 of the Dungeon.
You visited 1 branch of the dungeon, and saw 3 of its levels.

You collected 156 gold pieces.


Innate Abilities, Weirdness & Mutations

You are immune to sickness and miasma.
Your stone body is resilient. (AC +4)
You are immune to poison.
You resist negative energy. (rN+)
You are resistant to electric shocks. (rElec)
You are resistant to unholy torment.
You are immune to petrification.


   Skills:
 + Level 3.2 Fighting
 - Level 5.0 Axes
 - Level 3.2 Armour
 - Level 3.2 Shields


You had 4 spell levels left.
You didn't know any spells.
Your spell library was empty.

Inventory:

Hand Weapons
 m - a +0 whip
 Y - a +1 war axe (weapon)
Missiles
 a - 6 boomerangs (quivered)
Armour
 c - a +0 buckler (worn)
 e - a +1 ring mail of fire resistance
 f - a +0 chain mail (worn)
 p - a +0 helmet (worn)
 t - a +0 pair of gloves (worn)
Jewellery
 b - an amulet of regeneration
 g - a ring of positive energy (left hand)
 r - a ring of willpower (right hand)
Scrolls
 i - a scroll of immolation {unknown}
 j - a scroll of identify
 o - a scroll of amnesia {unknown}
 u - a scroll of blinking {unknown}
Potions
 d - a potion of might
 h - a potion of flight {unknown}
 k - a potion of lignification {unknown}
 l - a potion of mutation {unknown}
 n - a potion of heal wounds {unknown}
 q - a potion of magic {unknown}
 s - a potion of curing {unknown}

Dungeon Overview and Level Annotations

Branches:
Dungeon (3/15)

Altars:

Shops:
D:1 [   D:2 [


Message History

The gnoll bouda is lightly wounded.
You block the gnoll bouda's attack.
The gnoll bouda hits you with a +0 whip.
You barely miss the gnoll bouda.
The gnoll bouda is lightly wounded.
The gnoll bouda hits you but does no damage.
You slash the gnoll bouda!
The gnoll bouda is heavily wounded.
The gnoll bouda hits you but does no damage.
You hit the gnoll bouda but do no damage.
The gnoll bouda is heavily wounded.
The gnoll bouda hits you with a +0 whip.
You slash the gnoll bouda!
You kill the gnoll bouda!
The gnoll is no longer moving quickly.
Your Axes skill increases to level 5!
You barely miss the gnoll. You block the gnoll's attack.
The gnoll hits you but does no damage.
You barely miss the gnoll. The gnoll hits you with a +4 whip.
You closely miss the gnoll. The gnoll hits you with a +4 whip.
You closely miss the gnoll. The gnoll hits you with a +4 whip.
The gnoll barely misses you.
You hit the gnoll.
The gnoll is lightly wounded.
The gnoll is no longer moving quickly.
The gnoll hits you but does no damage.
You barely miss the gnoll.
The gnoll is lightly wounded.
The gnoll hits you but does no damage.
You barely miss the gnoll.
The gnoll is lightly wounded.
The gnoll hits you with a +4 whip.
You hit the gnoll.
The gnoll is heavily wounded.
The gnoll barely misses you. The gnoll hits you with a +4 whip.
You closely miss the gnoll.
The gnoll is heavily wounded.
The gnoll hits you with a +4 whip.
You die...

#########################
#.....gg@................
...h############...######
. #...# #####
##############
#....)........
#.############ #.# #.#


You could see 2 gnolls and a jackal (wandering).

Vanquished Creatures
  A gnoll bouda (D:3)
  Jessica (D:2)
  Robin (D:2)
  4 adders
  A worm (D:2)
  2 dart slugs
  4 bats
  An endoplasm (D:1)
  A giant cockroach (D:2)
  14 goblins
  6 hobgoblins
  3 jackals
  3 quokkas
  2 ball pythons (D:1)
  3 frilled lizards
  6 kobolds
  3 rats
56 creatures vanquished.

Notes
Turn   | Place    | Note
-------+----------+-------------------------------------------
     0 | D:1      | qw the Gargoyle Fighter began the quest for the Orb.
     0 | D:1      | Reached XP level 1. HP: 14/14 MP: 1/1
     0 | D:1      | 0 ||| qw: Version: 0.1-a-113-g051387a
     0 | D:1      | 0 ||| qw: Game counter: 7340
     0 | D:1      | 0 ||| qw: Always use a shield: true
     0 | D:1      | 0 ||| qw: God list: Okawaru
     0 | D:1      | 0 ||| qw: Allow faded altars: false
     0 | D:1      | 0 ||| qw: Do Orc after D:15 true
     0 | D:1      | 0 ||| qw: Do second Lair branch before Depths: true
     0 | D:1      | 0 ||| qw: Lair rune preference: random
     0 | D:1      | 0 ||| qw: Plans: Normal, Zot, God:TSO, Crypt, Tomb, Zig,
                  | Orb
     0 | D:1      | 0 ||| PLANNING D:1-11
    32 | D:1      | Reached skill level 2 in Axes
   254 | D:1      | 254 ||| Stepping ~*~*~tactically~*~*~ (stealth).
   339 | D:1      | Reached XP level 2. HP: 19/19 MP: 2/2
   494 | D:1      | 494 ||| DROPPING +0 club.
   529 | D:1      | 529 ||| Stepping ~*~*~tactically~*~*~ (stealth).
   532 | D:1      | 532 ||| Stepping ~*~*~tactically~*~*~ (stealth).
   694 | D:1      | Reached skill level 3 in Axes
   700 | D:1      | Reached XP level 3. HP: 21/23 MP: 3/3
   753 | D:1      | Found Kehoizave's Antique Armour Boutique.
   764 | D:1      | 764 ||| SHOPLISTING chain mail (94 gold, have 38).
   764 | D:1      | 764 ||| SHOPLISTING ichor-stained leather armour (147 gold,
                  | have 38).
   764 | D:1      | 764 ||| SHOPLISTING pair of boots (94 gold, have 38).
   879 | D:1      | Found a faded altar of an unknown god.
   977 | D:1      | 977 ||| UPGRADING to +0 helmet.
   982 | D:1      | 982 ||| READING scroll labelled YLOKO GAPS.
  1083 | D:1      | 1083 ||| READING scroll labelled YHITUG GELAUM.
  1087 | D:1      | 1087 ||| READING 3 scrolls labelled PEESIC TEISK.
  1088 | D:1      | 1088 ||| READING 2 scrolls labelled LETACO MONOVA.
  1089 | D:1      | 1089 ||| READING scroll labelled WYBLOF QIRGHUVYV.
  1090 | D:1      | 1090 ||| READING scroll labelled NAICVA ZEUWN.
  1091 | D:1      | 1091 ||| READING scroll labelled PECZUT YNA.
  1092 | D:1      | 1092 ||| DRINKING 2 green potions.
  1093 | D:1      | 1093 ||| DROPPING potion of degeneration.
  1094 | D:1      | 1094 ||| DROPPING 2 scrolls of fear.
  1114 | D:2      | Noticed Robin
  1127 | D:2      | Killed Robin
  1128 | D:2      | Reached XP level 4. HP: 19/28 MP: 4/4
  1248 | D:2      | Reached skill level 4 in Axes
  1408 | D:2      | Noticed Jessica
  1409 | D:2      | 1409 ||| Stepping ~*~*~tactically~*~*~ (hiding).
  1417 | D:2      | Killed Jessica
  1804 | D:2      | Found Ariluom's Antique Armour Emporium.
  1808 | D:2      | 1808 ||| SHOPLISTING glowing plate armour (728 gold, have
                  | 88).
  2022 | D:2      | 2022 ||| DROPPING +3 leather armour.
  2023 | D:2      | 2023 ||| UPGRADING to +0 chain mail.
  2033 | D:2      | 2033 ||| DROPPING +0 scale mail.
  2034 | D:2      | 2034 ||| DROPPING orb of wrath.
  2035 | D:2      | 2035 ||| UPGRADING to +0 pair of gloves.
  2040 | D:2      | 2040 ||| UPGRADING to ring of positive energy.
  2041 | D:2      | 2041 ||| UPGRADING to ring of willpower.
  2042 | D:2      | 2042 ||| DROPPING ring of flight.
  2043 | D:2      | 2043 ||| READING scroll labelled MODGHO LOXY.
  2044 | D:2      | 2044 ||| READING scroll labelled BUKLOR MU MAUC.
  2160 | D:3      | Reached XP level 5. HP: 29/32 MP: 5/5
  2423 | D:3      | 2423 ||| Stepping ~*~*~tactically~*~*~ (hiding).
  2471 | D:3      | 2471 ||| Stepping ~*~*~tactically~*~*~ (stealth).
  2473 | D:3      | 2473 ||| Stepping ~*~*~tactically~*~*~ (stealth).
  2489 | D:3      | Reached skill level 5 in Axes
  2495 | D:3      | HP: 8/32 [gnoll/+4 whip[a gnoll bouda] (1)]
  2497 | D:3      | Slain by a gnoll

Levels and vault maps discovered:
D:1:      erik_arrival_triangle_large, layout_rooms,
          hellmonk_ecumenical_altar_lost_god, serial_shops,
          nicolae_shop_overgrown_old_shop, minmay_tetromino_o2
D:2:      layout_basic, serial_shops, nicolae_shop_hallway_stairs, uniq_robin,
          uniq_jessica
D:3:      layout_basic, uniq_natasha

Skill      XL: |  1  2  3  4  5 |
---------------+----------------+-----
Axes           | 2 3 4 5 |  5.0
Fighting       | |  3.2
Armour         | |  3.2
Shields        | |  3.2

Action                   |  1- 3 |  4- 6 || total
-------------------------+-------+-------++-------
Melee: War axe           |    90 |    67 ||   157
Throw: Boomerang         |       |     3 ||     3
  Use: Scroll            |     7 |     2 ||     9
       Potion            |     1 |       ||     1
Armor: Scale mail        |    55 |     7 ||    62
       Chain mail        |       |    29 ||    29
Dodge: Dodged            |    41 |    21 ||    62
Block: Buckler           |    25 |     9 ||    34

Table legend:
 A = Non-vault XP
 B = Vault XP
 C = Vault XP percentage of total XP
 D = Non-vault monster count
 E = Vault monster count
 F = Vault count percentage of total count
                 A         B        C        D         E       F
            +---------+---------+-------+---------+---------+-------
      Total |     164 |      78 |  32.2 |      41 |      15 |  26.8
            +---------+---------+-------+---------+---------+-------
        D:1 |      38 |       3 |   7.3 |      21 |       2 |   8.7
        D:2 |      41 |      75 |  64.7 |      10 |      13 |  56.5
        D:3 |      85 |       0 |   0.0 |      10 |       0 |   0.0
            +---------+---------+-------+---------+---------+-------
